Zazza, chaotic male elven Priest -------------- |............| ----- |............| |...| .............| |...| ###|............| --------------- |....########.............| #############-.............| |...| ### ------|------- # |.............| |..`| ### ### ##-.............| -.--- # ----- # # |.............| # ### |...| # ### --------------- ### # |....###### ----- # # ---------.-- |...| # |...| ### ### |..........| ##-.<.| ##-...| # ------|-- |..........| # |...| |...-## |...>...| |..........-###### |..^|#######....| |......{| |.....@..{.| -----# ----- |.......| |...%_.....|############# --------- ------------ Zazza the Aspirant Experience level: 2 Strength: 13 Dexterity: 12 Constitution: 12 Intelligence: 8 Wisdom: 20 Charisma: 10 Health: 17(17) Energy: 21(21) Def: 3 Gold: 145 Moves: 916 Dungeon seed: TATHE21GXdufOlLY Game ID: Zazza_1535623378 Your Inventory: Coins $ - 145 gold pieces Weapons a - a blessed +2 mace k - 3 +0 darts Armor e - a blessed +0 robe (being worn) n - a +0 small shield (being worn) r - a +0 orcish helm Comestibles c - a clove of garlic d - a sprig of wolfsbane j - a food ration Spellbooks f - a spellbook of cure sickness g - a spellbook of light Potions b - 4 potions of holy water p - a potion of sickness t - a potion of water Rings o - a cursed -2 ring of increase accuracy Tools h - a tooled horn Gems q - a worthless piece of white glass Spells and supernatural/magical abilities: Name Level Category Fail Memory l - light 1 divination 0% 96% K - cure sickness 3 healing 59% 96% W - pray for help -- divine ? -- X - turn undead -- divine ? -- Your skills at the end: Fighting Skills Weapon Skills mace [Basic] Spellcasting Skills clerical spells [Basic] Final Attributes: You were piously aligned. You could recognize detrimental food. You had infravision. You were sensing the presence of monsters. You survived. Vanquished creatures: 3 jackals a fox 2 kobolds a goblin 2 sewer rats 3 grid bugs 3 lichens a kobold zombie 3 newts 19 creatures vanquished. Voluntary challenges: You followed a strict vegan diet. You used a wielded weapon 8 times, starting on turn 82. You read items or engraved 2 times, starting on turn 487. You never genocided any monsters. You never polymorphed an object. You never changed form. You used no wishes. You never split a pudding. You never wrote Elbereth's name. You never violated your personal moral code. Dungeon overview: The Dungeons of Doom: levels 1 to 3 Level 1 a long staircase Level 2 <- You were here an altar to Brigit, some fountains Level 3 History has recorded: On T:1 you entered the Dungeons of Doom to retrieve the Amulet of Yendor! On T:426 you reached level 2 of The Dungeons of Doom. On T:666 you advanced to experience level 2. On T:750 you reached level 3 of The Dungeons of Doom. Score breakdown: Gold: 145 ( 7362 points) Experience: 2 levels ( 5570 points) Exploration: 3 levels ( 6.38%) ( 6255 points) Discoveries: 2 items ( 0.70%) ( 2508 points) Valuables value: (no points given unless you survive) Artifact value: 0 ( 0 points) Variety of kills: 9 monsters ( 2.36%) ( 4610 points) Turncount: 916 turns ( 0 points) Survival: quit (score multiplied by 90%) Total score: 23674 Latest messages: $ - 145 gold pieces. k - 3 darts. a - a blessed +2 mace. r - an iron skull cap. c - a clove of garlic. j - a food ration. d - a sprig of wolfsbane. s - a blessed scroll labeled READ ME. f - a spellbook of cure sickness. g - a spellbook of light. m - a dark potion. p - an emerald potion. b - 4 potions of holy water. t - a potion of water. o - a cursed pearl ring. h - a tooled horn. q - a white gem. As you read the scroll, it disappears. Your nose starts to tingle and you smell food. You have a strange feeling for a moment, then it passes. (You can name a dark potion from the item naming menu.) Final status: Goodbye Zazza the Priest, quit... You quit in The Dungeons of Doom on dungeon level 2 with 23674 points, and 145 pieces of gold, after 916 moves. You were level 2 with a maximum of 17 hit points when you quit.